 Dungeon Crawl Stone Soup version 0.30-a0-377-g5cb311bc9f (webtiles) character file.

Game seed: 5768526594173415804

16655 sanka the Frost Mage (level 11, -43/95 HPs)
             Began as a Demigod Ice Elementalist on Nov 30, 2022.
             Blown up by an orb spider (83 damage)
             ... with an orb of destruction
             ... on level 2 of the Lair of Beasts.
             The game lasted 00:32:44 (16360 turns).

sanka the Frost Mage (Demigod Ice Elementalist)    Turns: 16360, Time: 00:32:45

Health: -43/95     AC:  9    Str:  9    XL:     11   Next: 83%
Magic:  15/20      EV: 32    Int: 29    God:
Gold:   1065       SH:  0    Dex: 14    Spells: 7/18 levels left

rFire   . . .      SeeInvis .    a - +3 scimitar (flame)
rCold   . . .      Faith    .    (no shield)
rNeg    . . .      Spirit   .    X - +0 robe
rPois   .          Reflect  .    y - +0 helmet
rElec   .          Harm     .    h - +0 cloak
rCorr   .          Rampage  .    j - +0 pair of gloves
Will    ++...                    (no boots)
Stlth   ++........               s - amulet of the acrobat
HPRegen 0.35/turn                H - +4 ring of protection
MPRegen 0.17/turn                m - ring of willpower

@: acrobatic
A: high MP 1, forlorn, divine attributes
a: no special abilities


You were on level 2 of the Lair of Beasts.
You visited 2 branches of the dungeon, and saw 13 of its levels.
You also visited: Sewer.

You collected 1065 gold pieces.


Innate Abilities, Weirdness & Mutations

You have an increased reservoir of magic. (+10% MP)
You shall have no god before yourself.
Your divine heritage dramatically boosts your attributes as you level up.


   Skills:
 + Level 8.8 Fighting
 * Level 3.9 Long Blades
 + Level 10.2 Dodging
 - Level 1.7 Stealth
 - Level 4.0 Spellcasting
 - Level 2.0 Summonings
 + Level 11.7 Ice Magic


You had 7 spell levels left.
You knew the following spells:

 Your Spells              Type           Power      Damage    Failure   Level
a - Ozocubu's Armour      Ice            65%        N/A       1%          3
x - Summon Ice Beast      Ice/Summ       45%        N/A       4%          4
y - Frozen Ramparts       Ice            100%       1d16      1%          3
z - Freeze                Ice            100%       1d10      1%          1

Your spell library contained the following spells:

 Spells                   Type           Power      Damage    Failure   Level
 Slow                     Hex            20%        N/A       7%          1
 Summon Guardian Golem    Hex/Summ       11%        N/A       14%         3
 Confusing Touch          Hex            5%         N/A       21%         3
 Dazzling Flash           Conj/Hex       10%        N/A       21%         3
 Inner Flame              Hex/Fire       5%         N/A       21%         3
 Vampiric Draining        Necr           5%         2d6       21%         3
 Summon Lightning Spire   Summ/Air       11%        N/A       41%         4
 Airstrike                Air            2%         2d(1-17)  56%         4
 Cause Fear               Hex            2%         N/A       56%         4
 Flame Wave               Conj/Fire      5%         2d5       56%         4
 Sticky Flame             Conj/Fire      5%         2d3       56%         4
 Summon Forest            Summ/Tloc      5%         N/A       77%         5
 Agony                    Necr           5%         N/A       88%         5
 Lightning Bolt           Conj/Air       2%         1d14      88%         5
 Silence                  Hex/Air        2%         N/A       88%         5
 Eringya's Noxious Bog    Tmut/Pois      2%         N/A       100%        6
 Orb of Destruction       Conj           2%         9d5       100%        7
 Spellforged Servitor     Conj/Summ      5%         N/A       100%        7
 Summon Hydra             Summ           8%         N/A       100%        7
 Discord                  Hex            2%         N/A       100%        8

Inventory:

Hand Weapons
 a - a +3 scimitar of flaming (weapon)
 c - a +0 dagger
 x - a +0 trident
 K - the +0 rapier "Ripiris" {protect, rPois MP+9}

   It grants its wielder temporary protection when it strikes (+7 to AC).
   rPois:     It protects you from poison.
   MP:        It affects your magic capacity (+9).
 W - the +14 obsidian axe {vorpal, Mesm Drain Fly SInv}

   It inflicts extra damage upon your enemies.
   It occasionally summons demons to assist the wielder when it strikes in
   combat.
   Its wielder is mesmerised by any visible foes.
   It cannot be unequipped while any foes are visible.
   SInv:      It lets you see invisible.
   Fly:       It grants you flight.
   Drain:     It drains your maximum health when unequipped.
Missiles
 i - 4 throwing nets {=f}
 D - 3 curare-tipped darts {=f}
 E - 43 poisoned darts
 Y - 6 javelins
Armour
 h - a +0 cloak (worn)
 j - a +0 pair of gloves (worn)
 y - a +0 helmet (worn)
 X - a +0 robe (worn)
Magical Staves
 J - a staff of air
Jewellery
 m - a ring of willpower (right hand)
 q - a ring of protection from fire
 s - an amulet of the acrobat (around neck)
 H - a +4 ring of protection (left hand)
Wands
 z - a wand of flame (22)
 N - a wand of paralysis (11)
 Q - a wand of iceblast (3)
Scrolls
 f - 6 scrolls of noise {!r}
 g - 2 scrolls of enchant armour
 k - 3 scrolls of amnesia
 n - 3 scrolls of fear
 p - 6 scrolls of teleportation {@r4}
 t - 3 scrolls of blinking
 u - 3 scrolls of butterflies {unknown}
 v - 3 scrolls of vulnerability {!r}
 w - 2 scrolls of immolation {unknown}
 F - a scroll of silence {unknown}
 G - 3 scrolls of enchant weapon
 L - 5 scrolls of poison {!r}
 M - a scroll of summoning {unknown}
Potions
 b - 3 potions of magic
 d - 4 potions of degeneration {unknown}
 e - 2 potions of lignification {unknown}
 l - 8 potions of curing {@q1}
 o - 5 potions of attraction {!q}
 r - a potion of ambrosia
 A - 3 potions of haste {unknown}
 B - 2 potions of might {unknown}
 C - a potion of invisibility {unknown}
 I - a potion of cancellation {unknown}
 O - 2 potions of brilliance {unknown}
 P - a potion of berserk rage {unknown}
 S - 2 potions of flight {unknown}
 T - a potion of mutation {unknown}
 V - a potion of resistance {unknown}

Dungeon Overview and Level Annotations

Branches:
Dungeon (11/15)            Temple (0/1) D:4            Lair (2/5) D:10
 Spider (0/4) Lair:2        Sewer (visited)
  Swamp: Lair:2-3    Shoals: Lair:2-3       Orc: D:9-12

Shops:
D:8

(
▒▒.▒▒..▒.▒.▒....▒......
▒f.....▒.^.▒...▒.......
▒▒...▒......^▒ ......▒▒
▒..▒▒.▒..^.▒▒ . .[..
▒▒^.▒.^▒^▒▒^▒.▒.....
▒▒▒▒.≈.≈≈≈..▒▒▒....
▒.≈≈≈≈≈..▒ ▒▒.≈^.s≈.▒▒
▒.p§☼☼.+^▒ ▒▒▒▒.▒▒▒▒▒
▒▒▒


You could see an orb spider.


Message History

The orb of destruction hits you!!
The orb spider pulsates with a strange energy.
You start resting.
HP restored.
The orb spider's many legs skitter faintly.
The orb spider weaves a glowing orb of energy.
An orb of destruction comes into view.
The wavering orb of destruction hits you!!
The orb spider spins a strand of pure energy.
You open the door.
There is an open door here.
The orb spider weaves a glowing orb of energy.
An orb of destruction comes into view.
The walls around you are covered in ice.
The wavering orb of destruction hits you!!
* * * LOW HITPOINT WARNING * * *
A film of ice covers your body!
The wall freezes the orb spider.
The orb spider pulsates with a strange energy.
Unknown command.
The wall freezes the orb spider but does no damage.
The orb spider weaves a glowing orb of energy.
An orb of destruction comes into view.
Your icy armour and frozen ramparts will break if you move.
Continue?
Your icy armour cracks and falls away as you move.
The frozen ramparts melt away as you move.
There is an open door here.
The orb of destruction hits you!!!!
Ouch! That really hurt!
You die...

Action                   |  1- 3 |  4- 6 |  7- 9 | 10-12 || total
-------------------------+-------+-------+-------+-------++-------
Melee: Dagger            |    16 |       |       |       ||    16
       Trident           |       |    73 |    83 |       ||   156
       War axe           |       |     3 |       |       ||     3
       Punch             |       |     1 |     1 |     2 ||     4
       Rapier            |       |       |    27 |       ||    27
       Scimitar          |       |       |    75 |    87 ||   162
       Long sword        |       |       |       |    40 ||    40
       Broad axe         |       |       |       |    11 ||    11
 Cast: Freeze            |    71 |    32 |    73 |    69 ||   245
       Frozen Ramparts   |     1 |    13 |    32 |    48 ||    94
       Ozocubu's Armour  |       |     1 |    27 |    39 ||    67
       Summon Ice Beast  |       |       |     4 |    12 ||    16
Evoke: Wand              |       |       |     4 |     4 ||     8
  Use: Scroll            |       |       |     8 |     1 ||     9
       Potion            |       |       |       |     4 ||     4
 Stab: Sleeping          |     1 |       |     2 |     1 ||     4
Armor: Robe              |    14 |    36 |   110 |   110 ||   270
Dodge: Dodged            |    34 |    67 |   242 |   277 ||   620

Levels and vault maps discovered:
D:1:      lightli_arrival_flooded_house, layout_basic, minmay_misc_feat_square,
          minmay_domino_4
D:2:      layout_loops_ring, roderic_lattice_a, minmay_misc_feat_four_crosses,
          st_stairs_11, grunt_decor_fettered, chequers_avenue,
          nrook_loot_triangle, minmay_tripent
D:3:      layout_loops_cross, gammafunk_temple_of_torment,
          gup_sewer_entry_spiral, st_stairs_13, uniq_ijyb
D:4:      layout_cave_pools, minmay_temple_entry_slanted, grunt_ministairs_12
D:5:      black_bear_nest_1, layout_rooms, uniq_sigmund
D:6:      layout_rooms, mainiacjoe_overflow_brackets,
          mainiacjoe_overflow_alcove_4, eat_drink_and_be_merry_uskayaw
D:7:      layout_basic, minmay_quadrilaterals
D:8:      layout_gridville, nicolae_overflow_crystal_walls,
          nicolae_vehumet_radiance, serial_shops, nicolae_stop_n_shop_2,
          bh_walls_and_bars, uniq_maurice
D:9:      layout_loops_ring, lemuel_round_altar, jmf_multi_god_temple,
          uniq_maggie
D:10:     layout_basic, lair_entry_dummy, uniq_urug
D:11:     layout_roguey, uniq_erica, uniq_lodul
Lair:1:   layout_chaotic_city, nzn_sisyphean_effort, lemuel_fruit_tree
Lair:2:   layout_long_grid, nicolae_spider_entry_orb_guardian,
          grunt_megastairs_5, infiniplex_staircase_pool_2

Notes
Turn   | Place    | Note
-------+----------+-------------------------------------------
     0 | D:1      | sanka the Demigod Ice Elementalist began the quest for the
                  | Orb.
     0 | D:1      | Reached XP level 1. HP: 14/14 MP: 5/5
   180 | D:1      | Reached skill level 2 in Spellcasting
   180 | D:1      | Reached skill level 4 in Ice Magic
   180 | D:1      | Reached XP level 2. HP: 12/20 MP: 1/7
  1134 | D:1      | Reached XP level 3. HP: 26/26 MP: 5/8
  1163 | D:1      | Learned a level 3 spell: Frozen Ramparts
  1542 | D:2      | Reached skill level 5 in Ice Magic
  2318 | D:3      | Reached XP level 4. HP: 33/33 MP: 6/9
  2363 | D:3      | Noticed Ijyb
  2402 | D:3      | Killed Ijyb
  2491 | D:3      | Found a glowing drain.
  2521 | Sewer    | Entered a sewer
  2647 | Sewer    | Noticed a kobold brigand
  2654 | Sewer    | Killed a kobold brigand
  2655 | Sewer    | Reached skill level 6 in Ice Magic
  2655 | Sewer    | Reached XP level 5. HP: 38/38 MP: 4/10
  3055 | Sewer    | Reached skill level 7 in Ice Magic
  3055 | Sewer    | Reached XP level 6. HP: 21/45 MP: 1/11
  3793 | D:3      | Found a transporter.
  3816 | D:3      | Noticed Menkaure
  3825 | D:3      | Found a transporter.
  4309 | D:3      | Learned a level 3 spell: Ozocubu's Armour
  4339 | D:3      | Reached skill level 8 in Ice Magic
  4339 | D:3      | Reached skill level 2 in Dodging
  4339 | D:3      | Reached XP level 7. HP: 51/51 MP: 11/13
  4379 | D:3      | Killed Menkaure
  4380 | D:3      | Reached skill level 1 in Fighting
  4395 | D:3      | Identified the +0 rapier "Ripiris" {protect, rPois MP+9}
  4496 | D:4      | Found a staircase to the Ecumenical Temple.
  4632 | D:4      | Reached skill level 2 in Fighting
  4654 | D:4      | Reached skill level 3 in Dodging
  5090 | D:5      | Entered Level 5 of the Dungeon
  5384 | D:5      | Noticed Sigmund
  5401 | D:5      | Killed Sigmund
  5402 | D:5      | Reached skill level 3 in Fighting
  5482 | D:5      | Reached skill level 4 in Dodging
  5540 | D:5      | Reached XP level 8. HP: 64/66 MP: 8/14
  5735 | D:5      | Reached skill level 4 in Fighting
  6024 | D:6      | Identified the +0 scale mail of the Blind Marksman {Int+4
                  | Dex-3 Stlth+}
  6126 | D:6      | Reached skill level 5 in Dodging
  6265 | D:6      | Learned a level 4 spell: Summon Ice Beast
  6288 | D:6      | Reached skill level 5 in Fighting
  6733 | D:7      | Reached skill level 6 in Dodging
  7176 | D:7      | Noticed a hornet
  7182 | D:7      | Killed a hornet
  7183 | D:7      | Reached skill level 6 in Fighting
  7183 | D:7      | Reached XP level 9. HP: 71/75 MP: 6/15
  7963 | D:8      | Reached skill level 7 in Dodging
  8304 | D:8      | Reached skill level 8 in Dodging
  8563 | D:8      | Noticed Maurice
  8572 | D:8      | Killed Maurice
  8573 | D:8      | Reached skill level 1 in Summonings
  8689 | D:8      | Found Puddyt's Weapon Emporium.
  8806 | D:8      | Reached skill level 2 in Summonings
  9235 | D:9      | Identified +0 swamp dragon scales
  9235 | D:9      | Noticed Maggie
  9249 | D:9      | Killed Maggie
  9250 | D:9      | Reached skill level 3 in Spellcasting
 10163 | D:9      | Reached skill level 4 in Spellcasting
 10169 | D:9      | Reached skill level 9 in Ice Magic
 10282 | D:9      | Reached XP level 10. HP: 66/83 MP: 13/19
 10524 | D:9      | Reached skill level 10 in Ice Magic
 10995 | D:10     | Entered Level 10 of the Dungeon
 11016 | D:10     | Found the +14 obsidian axe {vorpal, Mesm Drain Fly SInv}
 11580 | D:10     | Found a staircase to the Lair.
 11783 | D:10     | Noticed Urug
 11807 | D:10     | Killed Urug
 12194 | D:10     | Reached skill level 7 in Fighting
 12200 | D:10     | HP: 7/85 [poisoned by a wight]
 12205 | D:10     | HP: 4/85 [poisoned by a wight]
 12858 | D:11     | Reached skill level 9 in Dodging
 13060 | D:11     | Noticed a cyclops
 13065 | D:11     | Killed a cyclops
 13290 | D:11     | Noticed Lodul
 13298 | D:11     | Reached XP level 11. HP: 92/92 MP: 14/20
 13308 | D:11     | Killed Lodul
 13309 | D:11     | Reached skill level 11 in Ice Magic
 13522 | D:11     | Noticed a two-headed ogre
 13531 | D:11     | Killed a two-headed ogre
 13640 | D:11     | Reached skill level 8 in Fighting
 13762 | D:11     | Noticed Erica
 13798 | D:11     | Killed Erica
 14024 | Lair:1   | Entered Level 1 of the Lair of Beasts
 14116 | Lair:1   | Reached skill level 1 in Long Blades
 14294 | Lair:1   | Reached skill level 2 in Long Blades
 14399 | Lair:1   | Reached skill level 10 in Dodging
 14647 | Lair:1   | Noticed a boulder beetle
 14747 | Lair:1   | Killed a boulder beetle
 15043 | Lair:1   | Reached skill level 3 in Long Blades
 16132 | Lair:2   | Found a hole to the Spider Nest.
 16132 | Lair:2   | Noticed an orb spider
 16360 | Lair:2   | Blown up by an orb spider

Vanquished Creatures
  Erica (D:11)
  A boulder beetle (Lair:1)
  A two-headed ogre (D:11)
  Urug (D:10)
  Lodul (D:11)
  A cyclops (D:11)
  Maurice (D:8)
  A black mamba (Lair:1)
  3 cane toads
  Maggie (D:9)
  A rime drake (Lair:1)
  A komodo dragon (Lair:2)
  2 trolls (D:11)
  A hornet (D:7)
  3 blink frogs (Lair:1)
  Sigmund (D:5)
  3 wyverns
  4 wraiths
  2 basilisks
  19 yaks
  4 vampire mosquitoes (D:11)
  Menkaure (D:3)
  2 steam dragons
  3 water moccasins
  4 orc warriors
  2 black bears
  3 ice beasts
  7 ogres (D:11)
  5 centaurs
  A phantom (D:6)
  6 bullfrogs
  10 kobold brigands
  2 gnoll sergeants (D:10)
  2 necrophages
  2 scorpions
  3 wights (D:10)
  A howler monkey (D:7)
  A hound (D:7)
  2 jellies
  A gnoll bouda (D:8)
  2 orc priests
  Ijyb (D:3)
  8 orc wizards
  12 gnolls
  7 adders
  2 river rats
  A shadow imp (D:7)
  A white imp (D:5)
  An adder zombie (D:3)
  3 worms
  4 dart slugs
  23 orcs
  14 endoplasms
  4 giant cockroaches
  9 goblins
  6 hobgoblins
  3 jackals (D:1)
  17 kobolds
  5 quokkas
  11 ball pythons
  4 frilled lizards
  10 rats
259 creatures vanquished.

Vanquished Creatures (collateral kills)
  A vampire (D:11)
  A wraith (D:9)
  An orc warrior (D:9)
  A wight (D:10)
  2 orcs
6 creatures vanquished.

Vanquished Creatures (others)
  6 fungi
  3 plants (Lair:2)
9 creatures vanquished.

Grand Total: 274 creatures vanquished
